 Dungeon Crawl Stone Soup version 0.31.0-11-ge490571c62 (webtiles) character file.

Game seed: 4049439209864109779

104 qw the Shooter (level 4, -6/25 HPs)
             Began as a Deep Elf Hunter on Feb 3, 2024.
             Killed by nerve-wracking pain
             ... invoked by an orc priest
              (10 damage)
             ... on level 3 of the Dungeon.
             The game lasted 00:00:07 (2196 turns).

qw the Shooter (Deep Elf Hunter)                    Turns: 2196, Time: 00:00:08

Health: -6/25      AC:  3    Str: 10    XL:     4   Next: 52%
Magic:  6/6        EV: 12    Int: 14    God:
Gold:   131        SH:  0    Dex: 18    Spells: 3/3 levels left

rFire   . . .        a - +1 shortbow
rCold   . . .        (shield currently unavailable)
rNeg    . . .        c - +0 leather armour
rPois   .            (no helmet)
rElec   .            (no cloak)
rCorr   .            (no gloves)
SInv    .            (no boots)
Will    .....        (no amulet)
Stlth   ++           (no ring)
HPRegen 0.24/turn    (no ring)
MPRegen 0.10/turn

%: no passive effects
@: no status effects
A: no striking features
a: no special abilities


You were on level 3 of the Dungeon.
You visited 1 branch of the dungeon, and saw 4 of its levels.

You collected 131 gold pieces.


   Skills:
 - Level 1.5 Fighting
 + Level 7.9 Ranged Weapons
 - Level 2.4 Dodging
 - Level 1.2 Stealth


You had 3 spell levels left.
You didn't know any spells.
Your spell library was empty.

Inventory:

Hand Weapons
 a - a +1 shortbow (weapon)
Armour
 c - a +0 leather armour (worn)
Jewellery
 d - an amulet of reflection
Wands
 f - a wand of charming (12)
Scrolls
 g - a scroll of blinking {unknown}
Potions
 b - a potion of resistance
 e - a potion of curing

Dungeon Overview and Level Annotations

Branches:
Dungeon (4/15)
 Temple: D:4-7

Altars:
Cheibriados
Makhleb

Annotations:
D:2 1 runed translucent door, Crazy Yiuf


Message History

The orc wizard shouts!
The arrow hits the orc wizard but does no damage.
You shoot an arrow. The arrow barely misses the orc wizard.
An orc priest comes into view. It is wielding a +0 war axe.
You shoot an arrow. The arrow misses the orc wizard.
The arrow barely misses the orc priest.
An orc comes into view. It is wielding a +0 dagger.
You shoot an arrow. The arrow hits the hobgoblin.
The hobgoblin is moderately wounded.
You shoot an arrow. The arrow hits the hobgoblin!
You kill the hobgoblin!
You shoot an arrow. The arrow barely misses the orc wizard.
The arrow hits the orc!
You kill the orc!
The orc wizard closely misses you.
The orc priest invokes the aid of Beogh against you.
Beogh smites you!
Ouch! That really hurt!
You shoot an arrow. The arrow barely misses the orc wizard.
The orc wizard hits you with a +0 dagger.
You shoot an arrow. The arrow hits the orc wizard.
The orc wizard is lightly wounded.
The orc wizard hits you with a +0 dagger.
You shoot an arrow. The arrow barely misses the orc wizard.
The orc wizard hits you with a +0 dagger.
You shoot an arrow. The arrow hits the orc wizard.
The orc wizard is moderately wounded.
The orc wizard closely misses you.
You shoot an arrow. The arrow hits the orc wizard.
The orc wizard is moderately wounded.
The orc wizard hits you but does no damage.
The orc priest closely misses you.
You shoot an arrow. The arrow hits the orc wizard!
The orc wizard is almost dead.
The orc wizard mumbles some strange words.
The orc wizard flickers and vanishes!
Deactivating autopickup; reactivate with Ctrl-A.
The orc priest invokes the aid of Beogh against you.
Pain shoots through your body!
You die...

.###..............
#.#########...# #.#
#...# ## ##.## #...# ..
#...# #...# . #. #...#
#####...# ... #. #%..#
..........
.)...#o##.##...<........
..)...{@.....#..........
..)..#.##.#### #####...#
... ... #... #...# #
#### ###.# #...# .#
##...# # #..... ##....
#..## #.###


You could see an orc priest.

Vanquished Creatures
  An orc wizard (D:3)
  An adder (D:3)
  A dart slug (D:4)
  A ribbon worm (D:2)
  6 orcs
  4 ball pythons
  6 bats
  6 endoplasms
  7 goblins
  6 hobgoblins
  5 kobolds
  3 quokkas
  3 frilled lizards
  6 rats
56 creatures vanquished.

Notes
Turn   | Place    | Note
-------+----------+-------------------------------------------
     0 | D:1      | qw the Deep Elf Hunter began the quest for the Orb.
     0 | D:1      | Reached XP level 1. HP: 12/12 MP: 3/3
     0 | D:1      | 0 ||| qw: Version: 0.3-a-158-g18b3111
     0 | D:1      | 0 ||| qw: Game counter: 4265
     0 | D:1      | 0 ||| qw: Melee chars always use a shield: true
     0 | D:1      | 0 ||| qw: God list: Okawaru
     0 | D:1      | 0 ||| qw: Allow faded altars: false
     0 | D:1      | 0 ||| qw: Do Orc after clearing Dungeon:15 true
     0 | D:1      | 0 ||| qw: Do second Lair branch before Depths: true
     0 | D:1      | 0 ||| qw: Lair rune preference: random
     0 | D:1      | 0 ||| qw: Goals: Normal
     0 | D:1      | 0 ||| PLANNING D:1-11
   267 | D:1      | Reached skill level 6 in Ranged Weapons
   267 | D:1      | Reached XP level 2. HP: 16/16 MP: 4/4
   665 | D:1      | 665 ||| READING scroll labelled JAL ZEICAOM.
   669 | D:1      | 669 ||| READING scroll labelled TEMNAN RUCIWOI.
   670 | D:1      | 670 ||| READING scroll labelled SUTYIR CUCOKEN.
   771 | D:1      | 771 ||| READING scroll labelled APLUEH OFIESTY.
   772 | D:1      | 772 ||| READING scroll labelled PEXKAF PUNACI.
   773 | D:1      | 773 ||| DROPPING scroll of butterflies.
   989 | D:2      | Reached XP level 3. HP: 20/20 MP: 5/5
  1227 | D:2      | Found a faded altar of an unknown god.
  1270 | D:2      | You fall into a shaft and drop 2 floors!
  1313 | D:4      | 1313 ||| READING scroll of identify.
  1313 | D:4      | 1313 ||| IDENTIFYING puce potion
  1421 | D:2      | Found a runed translucent door.
  1422 | D:2      | Noticed Crazy Yiuf
  1576 | D:2      | Reached skill level 7 in Ranged Weapons
  1737 | D:2      | 1737 ||| READING 2 scrolls of identify.
  1737 | D:2      | 1737 ||| IDENTIFYING murky brown potion
  1738 | D:2      | 1738 ||| READING scroll of identify.
  1738 | D:2      | 1738 ||| IDENTIFYING scroll labelled YDEM HEHEDE
  1739 | D:2      | 1739 ||| READING scroll of enchant weapon.
  1739 | D:2      | 1739 ||| ENCHANTING +0 shortbow.
  1940 | D:3      | Found a burning altar of Makhleb.
  1973 | D:3      | Found a snail-covered altar of Cheibriados.
  2139 | D:3      | Reached XP level 4. HP: 25/25 MP: 6/6
  2192 | D:3      | HP: 5/25 [orc wizard/+0 dagger (3)]
  2196 | D:3      | Killed from afar by an orc priest

Levels and vault maps discovered:
D:1:      minmay_arrival_stone_box, layout_basic, minmay_misc_feat_diagonals,
          amcnicky_mini_pool_small
D:2:      layout_loops_corners, hellmonk_ecumenical_altar_run_dry,
          uniq_crazy_yiuf_cottage
D:3:      layout_loops_cross, mainiacjoe_overflow_two_lobes,
          small_statue_intersection
D:4:      layout_loops_ring, uniq_edmund, uniq_menkaure

Skill      XL: |  1  2  3 |
---------------+----------+-----
Ranged Weapons | 6 7 |  7.9
Fighting       | |  1.5
Dodging        | |  2.4
Stealth        | |  1.2

Action                     |  1- 3 |  4- 6 || total
---------------------------+-------+-------++-------
   Fire: Shortbow          |   111 |    19 ||   130
    Use: Scroll            |     9 |       ||     9
 Armour: Leather armour    |     7 |     4 ||    11
  Dodge: Dodged            |    15 |     3 ||    18

Table legend:
 A = Non-vault XP
 B = Vault XP
 C = Vault XP percentage of total XP
 D = Non-vault monster count
 E = Vault monster count
 F = Vault count percentage of total count
                 A         B        C        D         E       F
            +---------+---------+-------+---------+---------+-------
      Total |     149 |       0 |   0.0 |      56 |       0 |   0.0
            +---------+---------+-------+---------+---------+-------
        D:1 |      29 |       0 |   0.0 |      17 |       0 |   0.0
        D:2 |      32 |       0 |   0.0 |      18 |       0 |   0.0
        D:3 |      84 |       0 |   0.0 |      20 |       0 |   0.0
        D:4 |       4 |       0 |   0.0 |       1 |       0 |   0.0
            +---------+---------+-------+---------+---------+-------
